 Dungeon Crawl Stone Soup version 0.27-a0-1217-g8a41f320e8 (webtiles) character file.

Game seed: 7037804877874187009

221 funkygono the Stinger (level 6, -4/41 HPs)
             Began as a Formicid Venom Mage on June 5, 2021.
             Slain by Duvessa
             ... wielding a +0 rapier
              (5 damage)
             ... on level 4 of the Dungeon.
             The game lasted 00:06:44 (3810 turns).

funkygono the Stinger (Formicid Venom Mage)         Turns: 3810, Time: 00:06:44

Health: -4/41      AC:  2    Str: 12    XL:     6   Next: 19%
Magic:  9/11       EV: 12    Int: 17    God:
Gold:   121        SH:  0    Dex: 17    Spells: 2/12 levels left

rFire    . . .     SeeInvis +   j - +0 flail
rCold    . . .     Faith    .   (no shield)
rNeg     . . .     Spirit   .   a - +0 robe
rPois    .         Reflect  .   (helmet unavailable)
rElec    .         Harm     .   (no cloak)
rCorr    .         Rampage  .   (no gloves)
Will     .....                  (no boots)
Stlth    ++........             (no amulet)
HPRegen  0.13/turn              e - +6 ring of dexterity
MPRegen  0.12/turn              (no ring)

@: no status effects
A: permanent stasis, dig shafts and tunnels, antennae 3, four strong arms
a: Dig, Shaft Self


You were on level 4 of the Dungeon.
You visited 1 branch of the dungeon, and saw 4 of its levels.

You collected 121 gold pieces.

Inventory:

Hand Weapons
 c - a +0 club
 j - a +0 flail (weapon)
 m - a +0 mace
Missiles
 f - 22 stones
Armour
 a - a +0 robe (worn)
 b - a +0 leather armour
 h - a +0 buckler
Magical Staves
 l - a staff of earth
Jewellery
 e - a +6 ring of dexterity (left hand)
Scrolls
 g - a scroll of summoning
Potions
 d - a potion of degeneration {unknown}
 i - 2 potions of might {unknown}
 k - a potion of berserk rage {unknown}


   Skills:
 + Level 0.4 Maces & Flails
 + Level 2.0 Dodging
 - Level 2.4 Stealth
 + Level 3.6 Spellcasting
 + Level 2.6 Transmutations
 * Level 2.0 Fire Magic
 + Level 5.8 Poison Magic


You had 2 spell levels left.
You knew the following spells:

 Your Spells              Type           Power      Damage    Failure   Level
a - Sting                 Tmut/Pois      68%        1d6       2%          1
b - Poisonous Vapours     Pois/Air       26%        N/A       8%          2
c - Ignite Poison         Fire/Tmut/Pois 15%        N/A       12%         3
d - Olgreb's Toxic Radia  Pois           23%        N/A       14%         4

Your spell library contained the following spells:

 Spells                   Type           Power      Damage    Failure   Level
 Mephitic Cloud           Conj/Pois/Air  9%         N/A       22%         3


Dungeon Overview and Level Annotations

Branches:
Dungeon (4/15)
 Temple: D:4-7

Altars:
Zin

Shops:
D:3 !

Annotations:
D:4 Dowan, Duvessa


Innate Abilities, Weirdness & Mutations

You cannot be hasted, slowed, berserked, paralysed or teleported.
You can dig through walls and to a lower floor.
You have a pair of large antennae on your head. (SInv)
Your four strong arms can wield two-handed weapons with a shield.


Message History

Casting: Sting (safe; 2% risk of failure)
Confirm with . or Enter, or press ? or * to list all spells.
Aiming: Sting (safe; 2% risk of failure)
Press: ? - help, Shift-Dir - straight line, f/p - Duvessa
Aim: Duvessa, wielding a +0 rapier and wearing a +2 leather armour of cold resistance (severely wounded, poisoned, 77% to hit)
The sting misses Duvessa.
Duvessa looks more healthy.
Unknown command.
Casting: Sting (safe; 2% risk of failure)
Confirm with . or Enter, or press ? or * to list all spells.
Aiming: Sting (safe; 2% risk of failure)
Press: ? - help, Shift-Dir - straight line, f/p - Duvessa
Aim: Duvessa, wielding a +0 rapier and wearing a +2 leather armour of cold resistance (severely wounded, 77% to hit)
The sting hits Duvessa but does no damage.
Duvessa is poisoned.
Duvessa is severely wounded.
Duvessa hits you with a +0 rapier!
Casting: Sting (safe; 2% risk of failure)
Confirm with . or Enter, or press ? or * to list all spells.
Aiming: Sting (safe; 2% risk of failure)
Press: ? - help, Shift-Dir - straight line, f/p - Duvessa
Aim: Duvessa, wielding a +0 rapier and wearing a +2 leather armour of cold resistance (severely wounded, poisoned, 77% to hit)
The sting hits Duvessa but does no damage.
Duvessa looks even sicker.
Duvessa is severely wounded.
Duvessa hits you with a +0 rapier!
* * * LOW HITPOINT WARNING * * *
Duvessa looks more healthy.
Casting: Sting (safe; 2% risk of failure)
Confirm with . or Enter, or press ? or * to list all spells.
Aiming: Sting (safe; 2% risk of failure)
Press: ? - help, Shift-Dir - straight line, f/p - Duvessa
Aim: Duvessa, wielding a +0 rapier and wearing a +2 leather armour of cold resistance (almost dead, 77% to hit)
The sting hits Duvessa but does no damage.
Duvessa is poisoned.
Duvessa is almost dead.
Duvessa hits you with a +0 rapier.
* * * LOW HITPOINT WARNING * * *
Duvessa says, "My weaknesses are his strengths!"
Duvessa hits you with a +0 rapier.
You die...

#.# ## # #.# .
# #.# .#.. #.#
#####>.. #.#
###...... #.#
#.....#
#.###.....#####
#..........Je.#
#####.....###@#
#.....# #.#
###.#####.###
#..........
#..####.###
#..# #.#
####..# #.#
#.....####.#
#.##.......#


You could see Duvessa (poisoned) and an endoplasm.

Vanquished Creatures
  A sky beast (D:3)
  3 adders
  3 gnolls (D:3)
  3 worms
  A dart slug (D:2)
  An orc (D:3)
  5 ball pythons
  8 endoplasms
  5 giant cockroaches
  2 goblins (D:1)
  4 hobgoblins
  A quokka (D:2)
  6 bats
  8 frilled lizards
  6 kobolds
  5 rats
62 creatures vanquished.

Notes
Turn   | Place    | Note
-------+----------+-------------------------------------------
     0 | D:1      | funkygono the Formicid Venom Mage began the quest for the
                  | Orb.
     0 | D:1      | Reached XP level 1. HP: 13/13 MP: 3/3
   239 | D:1      | Reached XP level 2. HP: 18/19 MP: 0/5
   626 | D:1      | Reached XP level 3. HP: 24/24 MP: 0/6
   629 | D:1      | Learned a level 2 spell: Poisonous Vapours
   633 | D:1      | Learned a level 3 spell: Ignite Poison
  1334 | D:2      | Reached XP level 4. HP: 30/30 MP: 6/8
  1538 | D:2      | Found a glowing silver altar of Zin.
  1647 | D:2      | Reached skill level 5 in Poison Magic
  1719 | D:2      | Reached skill level 1 in Fire Magic
  2068 | D:3      | Noticed a sky beast
  2081 | D:3      | Killed a sky beast
  2082 | D:3      | Reached XP level 5. HP: 35/35 MP: 4/10
  2184 | D:3      | Found a faded altar of an unknown god.
  2590 | D:3      | Learned a level 4 spell: Olgreb's Toxic Radiance
  2606 | D:3      | Reached XP level 6. HP: 24/41 MP: 0/11
  3190 | D:3      | Found Woik's Distillery.
  3756 | D:4      | Noticed Duvessa
  3756 | D:4      | Noticed Dowan
  3808 | D:4      | HP: 1/41 [Duvessa/+0 rapier (6)]
  3810 | D:4      | Slain by Duvessa

Illustrated notes

Levels and vault maps discovered:
D:1:      sevenhm_arrival_forest_fort_large_2, layout_basic, minmay_tromino_v4_a
D:2:      layout_basic, basic_altar
D:3:      layout_basic, shapermc_ecumenical_altar_mp_ritualfount, serial_shops,
          shop
D:4:      layout_loops_ring, grunt_temple_overflow_open, uniq_duvessa

Skill      XL: |  1  2  3  4  5  6 |
---------------+-------------------+-----
Poison Magic   | 5 |  5.8
Fire Magic     | 1 2 |  2.0
Transmutations | 2 |  2.6
Dodging        | 2 |  2.0
Spellcasting   | 3 |  3.6
Maces & Flails | |  0.4
Stealth        | |  2.4

Action                   |  1- 3 |  4- 6 || total
-------------------------+-------+-------++-------
Melee: Club              |     8 |       ||     8
       Flail             |       |    23 ||    23
 Cast: Sting             |    53 |    54 ||   107
       Olgreb's Toxic Ra |       |     1 ||     1
       Ignite Poison     |       |     1 ||     1
  Use: Scroll            |     3 |     4 ||     7
Armor: Robe              |     6 |     6 ||    12
Dodge: Dodged            |    19 |    18 ||    37

Table legend: (Time is in decaauts)
 A = Elapsed time spent in this place.
 B = Non-inter-level travel time spent in this place.
 C = Inter-level travel time spent in this place.
 D = Time resting spent in this place.
 E = Time spent auto-exploring this place.
 F = Levels seen in this place.
 G = Mean time per level.
                   A        B        C        D        E       F      G
               +--------+--------+--------+--------+--------+-----+--------+
         Total |   3819 |   3746 |     73 |      0 |   3133 |   4 |  954.8 |
       Dungeon |   3819 |   3746 |     73 |      0 |   3133 |   4 |  954.8 |
               +--------+--------+--------+--------+--------+-----+--------+

Top non-repeatable levels by time:
     D:3: 1653 daAuts
     D:2: 1026 daAuts
     D:1: 993 daAuts
     D:4: 146 daAuts
